 Dungeon Crawl Stone Soup version 0.29.0-4-gdea44cf6ec (webtiles) character file.

Game seed: 561047435036033895

85 qw the Chopper (level 4, -4/26 HPs)
             Began as a Tengu Warper on Aug 28, 2022.
             Was an Initiate of Okawaru.
             Slain by a kobold brigand
             ... wielding a +0 short sword
              (6 damage)
             ... on level 3 of the Dungeon.
             The game lasted 00:00:11 (1815 turns).

qw the Chopper (Tengu Warper)                       Turns: 1815, Time: 00:00:11

Health: -4/26      AC:  5    Str: 13    XL:     4   Next: 48%
Magic:  8/8        EV: 11    Int: 13    God:    Okawaru [......]
Gold:   103        SH:  5    Dex: 14    Spells: 7/7 levels left

rFire   . . .      SeeInvis .   Y - +2 hand axe
rCold   . . .      Faith    .   (no shield)
rNeg    . . .      Spirit   .   l - +0 ring mail
rPois   .          Reflect  +   (helmet restricted)
rElec   .          Harm     .   (no cloak)
rCorr   .          Rampage  .   (no gloves)
Will    .....                   (boots unavailable)
Stlth   +.........              m - amulet of reflection
HPRegen 0.08/turn               (no ring)
MPRegen 0.11/turn               (no ring)

@: about to teleport
A: beak, talons 3
a: Renounce Religion


You were on level 3 of the Dungeon.
You worshipped Okawaru.
Okawaru was noncommittal.
You visited 1 branch of the dungeon, and saw 4 of its levels.

You collected 103 gold pieces.


Innate Abilities, Weirdness & Mutations

You have a beak for a mouth.
You have claws for feet.


   Skills:
 - Level 2.0 Fighting
 + Level 5.0 Axes
 - Level 1.0 Throwing
 - Level 1.1 Armour
 - Level 2.1 Dodging
 - Level 2.0 Spellcasting
 - Level 2.4 Translocations


You had 7 spell levels left.
You didn't know any spells.
Your spell library contained the following spells:

 Spells                   Type           Power      Damage    Failure   Level
 Blink                    Tloc           14%        N/A       30%         2
 Gell's Gravitas          Tloc           7%         N/A       52%         3
 Lesser Beckoning         Tloc           7%         N/A       52%         3
 Teleport Other           Tloc           7%         N/A       52%         3
 Manifold Assault         Tloc           7%         N/A       99%         5

Inventory:

Hand Weapons
 b - a +0 morningstar
 Y - a +2 hand axe (weapon)
Armour
 l - a +0 ring mail (worn)
Jewellery
 i - a ring of wizardry
 m - an amulet of reflection (around neck)
Scrolls
 g - a scroll of magic mapping {unknown}
Potions
 a - a potion of ambrosia {unknown}
 c - a potion of curing
 d - a potion of heal wounds {unknown}
 e - a potion of attraction {unknown}
 f - a potion of cancellation {unknown}
 h - a potion of might {unknown}
 j - a potion of magic {unknown}
 k - 2 potions of degeneration {unknown}

Dungeon Overview and Level Annotations

Branches:
Dungeon (4/15)
 Temple: D:4-7

Altars:
Okawaru

Shops:
D:3 :


Message History

You closely miss the kobold brigand.
The kobold brigand is heavily wounded.
The ball python hisses angrily.
You hit the jackal. You closely miss the jackal. The jackal closely misses you.
You block the jackal's attack.
The kobold brigand hits you but does no damage.
The jackal bites you but does no damage.
You closely miss the kobold brigand. You peck the kobold brigand.
The kobold brigand is severely wounded.
You hit the jackal. x2
Your surroundings suddenly seem different.
A jackal comes into view.
The jackal barely misses you. You block the jackal's attack.
1812 ||| READING scroll of teleportation.
As you read the scroll of teleportation, it crumbles to dust.
You feel strangely unstable. You block the ball python's attack.
The ball python grabs you. The ball python constricts you.
The jackal bites you but does no damage. x2
You hit the ball python.
The ball python is severely wounded.
You hit the jackal but do no damage. You hit the jackal. The jackal bites you.
The ball python closely misses you. The ball python constricts you.
You hit the ball python.
You kill the ball python!
Okawaru accepts your kill.
You closely miss the jackal. You hit the jackal.
You kill the jackal!
Okawaru accepts your kill.
You hit the kobold brigand.
The jackal bites you but does no damage.
The kobold brigand hits you with a +0 short sword.
You closely miss the jackal. You claw the jackal.
You kill the jackal!
Okawaru accepts your kill.
You barely miss the kobold brigand. You closely miss the jackal.
The jackal bites you but does no damage.
The kobold brigand hits you with a +0 short sword.
You die...

####.##.......#####..###
#....##..##............#
#....##...#.~~¤~~~~~¤..#
#....+....#.~¤¤.....~..#
#....##...#..¤~~~~~.~..#
#.........#.~.~...~.~..#
#.###.##..#¤¤..._.~¤¤¤.#
... #...hh#.~.~...~¤¤¤.#
###.
#.#..@#¤~.~~~~~¤¤.##
#.#.K.#.~.......¤.#
#.#...#.~~~~~~~~~.#
#.#...#...........#
#.#...######...####
#...# #...# #...# #.###
##.## #\.### #..).#


You could see a kobold brigand and 2 jackals.

Vanquished Creatures
  3 adders
  A worm (D:2)
  A dart slug (D:1)
  3 orcs (D:3)
  2 bats
  6 endoplasms
  2 giant cockroaches (D:2)
  5 goblins
  A hobgoblin (D:2)
  2 jackals (D:3)
  3 quokkas
  10 ball pythons
  A frilled lizard (D:2)
  4 kobolds
  2 rats
46 creatures vanquished.

Notes
Turn   | Place    | Note
-------+----------+-------------------------------------------
     0 | D:1      | qw the Tengu Warper began the quest for the Orb.
     0 | D:1      | Reached XP level 1. HP: 12/12 MP: 4/4
     0 | D:1      | 0 ||| qw: Version: 0.1-a-89-g26bdef1
     0 | D:1      | 0 ||| qw: Game counter: 1900
     0 | D:1      | 0 ||| qw: Always use a shield: true
     0 | D:1      | 0 ||| qw: God list: Okawaru
     0 | D:1      | 0 ||| qw: Allow faded altars: false
     0 | D:1      | 0 ||| qw: Do Orc after D:15 true
     0 | D:1      | 0 ||| qw: Do second Lair branch before Depths: true
     0 | D:1      | 0 ||| qw: Lair rune preference: random
     0 | D:1      | 0 ||| qw: Plans: Normal
     0 | D:1      | 0 ||| PLANNING D:1-11
    65 | D:1      | Reached XP level 2. HP: 16/17 MP: 6/6
    74 | D:1      | Found a faded altar of an unknown god.
    79 | D:1      | Reached skill level 3 in Axes
   546 | D:1      | 546 ||| READING scroll labelled YNNIUSARPHU.
   547 | D:1      | 547 ||| READING scroll labelled FEMICW JACHI.
   548 | D:1      | 548 ||| READING scroll labelled WUILIE TYLO.
   549 | D:1      | 549 ||| DROPPING scroll of blinking.
   691 | D:2      | Reached XP level 3. HP: 18/21 MP: 7/7
   696 | D:2      | Reached skill level 4 in Axes
  1345 | D:2      | Reached XP level 4. HP: 26/26 MP: 8/8
  1397 | D:2      | 1397 ||| UPGRADING to +0 ring mail.
  1407 | D:2      | 1407 ||| DROPPING +0 leather armour.
  1408 | D:2      | 1408 ||| UPGRADING to amulet of reflection.
  1413 | D:2      | 1413 ||| READING scroll labelled SIXKUU MUSCHI.
  1414 | D:2      | 1414 ||| READING scroll labelled DAKHLO UTOO.
  1415 | D:2      | 1415 ||| READING 3 scrolls labelled XUKATIETAKK.
  1418 | D:2      | 1418 ||| DRINKING 2 yellow potions.
  1485 | D:3      | Found Qaroewof's Book Shoppe.
  1493 | D:3      | Found an iron altar of Okawaru.
  1539 | D:3      | Became a worshipper of Warmaster Okawaru
  1549 | D:3      | You fall into a shaft and drop 1 floor!
  1576 | D:3      | 1576 ||| Stepping ~*~*~tactically~*~*~ (stealth).
  1589 | D:3      | 1589 ||| DROPPING +0 club.
  1596 | D:3      | 1596 ||| Stepping ~*~*~tactically~*~*~ (stealth).
  1654 | D:3      | 1654 ||| READING scroll of enchant weapon.
  1654 | D:3      | 1654 ||| ENCHANTING +1 hand axe.
  1796 | D:3      | Reached skill level 5 in Axes
  1796 | D:3      | Noticed a kobold brigand
  1801 | D:3      | 1801 ||| Stepping ~*~*~tactically~*~*~ (stealth).
  1807 | D:3      | HP: 3/26 [kobold brigand/+0 short sword (8)]
  1808 | D:3      | 1808 ||| READING 2 scrolls of teleportation.
  1812 | D:3      | 1812 ||| READING scroll of teleportation.
  1813 | D:3      | HP: 3/26 [jackal (1)]
  1815 | D:3      | Slain by a kobold brigand

Levels and vault maps discovered:
D:1:      kennysheep_arrival_forest, layout_rooms,
          hellmonk_ecumenical_altar_run_dry, chequers_serial_rivers_room_a
D:2:      layout_basic
D:3:      layout_basic, mainiacjoe_overflow_concentric_impassable, serial_shops,
          shop
D:4:      layout_basic, serial_shops, nicolae_take_the_stairs, shop,
          nicolae_lakefront_shop

Skill      XL: |  1  2  3  4 |
---------------+-------------+-----
Axes           | 3 4 5 |  5.0
Fighting       | |  2.0
Throwing       | |  1.0
Armour         | |  1.1
Dodging        | |  2.1
Spellcasting   | |  2.0
Translocations | |  2.4

Action                   |  1- 3 |  4- 6 || total
-------------------------+-------+-------++-------
Melee: Hand axe          |    57 |    32 ||    89
       Kick              |    17 |    10 ||    27
       Peck              |     7 |     4 ||    11
       Punch             |       |     1 ||     1
Throw: Boomerang         |     7 |       ||     7
  Use: Scroll            |     3 |     6 ||     9
       Potion            |       |     1 ||     1
Armor: Leather armour    |    12 |       ||    12
       Ring mail         |       |    10 ||    10
Dodge: Dodged            |    27 |    18 ||    45
Block: Other             |       |     7 ||     7

Table legend:
 A = Non-vault XP
 B = Vault XP
 C = Vault XP percentage of total XP
 D = Non-vault monster count
 E = Vault monster count
 F = Vault count percentage of total count
                 A         B        C        D         E       F
            +---------+---------+-------+---------+---------+-------
      Total |     124 |       0 |   0.0 |      46 |       0 |   0.0
            +---------+---------+-------+---------+---------+-------
        D:1 |      26 |       0 |   0.0 |      15 |       0 |   0.0
        D:2 |      57 |       0 |   0.0 |      17 |       0 |   0.0
        D:3 |      37 |       0 |   0.0 |      12 |       0 |   0.0
        D:4 |       4 |       0 |   0.0 |       2 |       0 |   0.0
            +---------+---------+-------+---------+---------+-------
